NCAA
ARIZONA STATE SUN DEVILS @ MICHIGAN WOLVERINES
05/19/2029
 
TOP OF THE 1ST
Arizona State Sun Devils batting - Pitching for Michigan Wolverines : LHP Bob Taylor
Pitching: LHP Bob Taylor
Batting: RHB Arturo Ruíz 0-0: Ball
1-0: Ball
2-0: SOLO HOME RUN (Flyball, 7D), Distance : 355 ft
Batting: RHB Gil Gardner 0-0: Foul Ball, location: 2F
0-1: Ball
1-1: Ground out 6-3 (Groundball, 6S)
Batting: SHB Leonardo González 0-0: Called Strike
0-1: Ball
1-1: Swinging Strike
1-2: Ball
2-2: Strikes out swinging
Batting: RHB Tim Oliver 0-0: Foul Ball, location: 2F
0-1: Ball
1-1: Called Strike
1-2: Strikes out swinging, 2-3 out at first.
Top of the 1st over - 1 run, 1 hit, 0 errors, 0 left on base; Arizona State 1 - Michigan 0
BOTTOM OF THE 1ST
Michigan Wolverines batting - Pitching for Arizona State Sun Devils : LHP Howard Sigurdson
Pitching: LHP Howard Sigurdson
Batting: RHB Bob Casey 0-0: Swinging Strike
0-1: Ball
1-1: Ball
2-1: Swinging Strike
2-2: Foul Ball, location: 2F
2-2: Strikes out looking
Batting: LHB Myron Reynolds 0-0: Fly out, F8 (Flyball, 8RM)
Batting: LHB Dustin Jones 0-0: Ball
1-0: Called Strike
1-1: Ball
2-1: Foul Ball, location: 2F
2-2: Ball
3-2: Foul Ball, location: 2F
3-2: Base on Balls
Batting: RHB Bob Caldwell 0-0: Called Strike
0-1: Ball
1-1: Swinging Strike
1-2: Ball
2-2: Strikes out swinging
Bottom of the 1st over - 0 runs, 0 hits, 0 errors, 1 left on base; Arizona State 1 - Michigan 0
TOP OF THE 2ND
Arizona State Sun Devils batting - Pitching for Michigan Wolverines : LHP Bob Taylor
Batting: LHB Juan Guzmán 0-0: Ball
1-0: Foul Ball, location: 2F
1-1: Foul Ball, location: 2F
1-2: Foul Ball, location: 2F
1-2: Foul Ball, location: 2F
1-2: Ground out 1-3 (Groundball, 13S)
Batting: SHB Doyle Goodwin 0-0: Called Strike
0-1: Ball
1-1: Called Strike
1-2: Strikes out swinging
Batting: LHB José Serrano 0-0: Ball
1-0: Foul Ball, location: 2F
1-1: Ball
2-1: Fly out, F8 (Flyball, 8LD)
Top of the 2nd over - 0 runs, 0 hits, 0 errors, 0 left on base; Arizona State 1 - Michigan 0
BOTTOM OF THE 2ND
Michigan Wolverines batting - Pitching for Arizona State Sun Devils : LHP Howard Sigurdson
Batting: LHB Mark Wilson 0-0: Foul Ball, location: 2F
0-1: Ball
1-1: Ball
2-1: Called Strike
2-2: Ball
3-2: Foul Ball, location: 2F
3-2: Foul Ball, location: 2F
3-2: Strikes out swinging
Batting: LHB Ken Miller 0-0: Called Strike
0-1: Foul Ball, location: 2F
0-2: Ball
1-2: Ball
2-2: Foul Ball, location: 2F
2-2: Foul Ball, location: 2F
2-2: Strikes out swinging
Batting: SHB Carl Murphy 0-0: Called Strike
0-1: Fly out, F8 (Flyball, 8LD)
Bottom of the 2nd over - 0 runs, 0 hits, 0 errors, 0 left on base; Arizona State 1 - Michigan 0
TOP OF THE 3RD
Arizona State Sun Devils batting - Pitching for Michigan Wolverines : LHP Bob Taylor
Batting: LHB Werner Fisher 0-0: Ball
1-0: Ground out 5-3 (Groundball, 5L)
Batting: LHB Christian Lindsey 0-0: Called Strike
0-1: Ground out U3 (Groundball, 34)
Batting: RHB Arturo Ruíz 0-0: Called Strike
0-1: Foul Ball, location: 2F
0-2: Ball
1-2: Ball
2-2: SOLO HOME RUN (Flyball, 78XD), Distance : 391 ft
Batting: RHB Gil Gardner 0-0: Called Strike
0-1: SINGLE (Groundball, 34D)
Batting: SHB Leonardo González 0-0: Called Strike
0-1: Foul Ball, location: 2F
0-2: Ball
1-2: Strikes out swinging
Top of the 3rd over - 1 run, 2 hits, 0 errors, 1 left on base; Arizona State 2 - Michigan 0
BOTTOM OF THE 3RD
Michigan Wolverines batting - Pitching for Arizona State Sun Devils : LHP Howard Sigurdson
Batting: RHB David Morgan 0-0: Called Strike
0-1: Foul Ball, location: 2F
0-2: Strikes out swinging
Batting: RHB Miguel Vega 0-0: Called Strike
0-1: Foul Ball, location: 2F
0-2: Ball
1-2: Strikes out looking
Batting: RHB Bob Casey 0-0: Ball
1-0: Ground out 6-3 (Groundball, 6)
Bottom of the 3rd over - 0 runs, 0 hits, 0 errors, 0 left on base; Arizona State 2 - Michigan 0
TOP OF THE 4TH
Arizona State Sun Devils batting - Pitching for Michigan Wolverines : LHP Bob Taylor
Batting: RHB Tim Oliver 0-0: Foul Ball, location: 2F
0-1: Ground out 6-3 (Groundball, 6M)
Batting: LHB Juan Guzmán 0-0: Foul Ball, location: 2F
0-1: Ground out 6-3 (Groundball, 6)
Batting: SHB Doyle Goodwin 0-0: Swinging Strike
0-1: Ground out 6-3 (Groundball, 6)
Top of the 4th over - 0 runs, 0 hits, 0 errors, 0 left on base; Arizona State 2 - Michigan 0
BOTTOM OF THE 4TH
Michigan Wolverines batting - Pitching for Arizona State Sun Devils : LHP Howard Sigurdson
Batting: LHB Myron Reynolds 0-0: Ball
1-0: Foul Ball, location: 2F
1-1: Swinging Strike
1-2: Strikes out swinging
Batting: LHB Dustin Jones 0-0: Ground out 2-3 (Groundball, 2R)
Batting: RHB Bob Caldwell 0-0: Ball
1-0: Swinging Strike
1-1: Swinging Strike
1-2: SINGLE (Flyball, 8LS)
Batting: LHB Mark Wilson 0-0: Called Strike
0-1: Ball
1-1: Ball
2-1: Ball
3-1: Base on Balls
Bob Caldwell to second
Batting: LHB Ken Miller 0-0: Called Strike
0-1: Foul Ball, location: 2F
0-2: Ball
1-2: Foul Ball, location: 2F
1-2: Fly out, F9 (Flyball, 89M)
Bottom of the 4th over - 0 runs, 1 hit, 0 errors, 2 left on base; Arizona State 2 - Michigan 0
TOP OF THE 5TH
Arizona State Sun Devils batting - Pitching for Michigan Wolverines : LHP Bob Taylor
Batting: LHB José Serrano 0-0: Called Strike
0-1: Swinging Strike
0-2: Ball
1-2: Ball
2-2: Ground out 4-3 (Groundball, 4)
Batting: LHB Werner Fisher 0-0: Fly out, F8 (Flyball, 8LM)
Batting: LHB Christian Lindsey 0-0: Called Strike
0-1: Ball
1-1: Foul Ball, location: 2F
1-2: SINGLE (Groundball, 34D)
Batting: RHB Arturo Ruíz 0-0: Foul Ball, location: 2F
0-1: Ball
1-1: Ball
2-1: Ball
3-1: Base on Balls
Christian Lindsey to second
Batting: RHB Gil Gardner 0-0: Called Strike
0-1: Ball
1-1: Ball
2-1: Ball
3-1: Fly out, F9 (Flyball, 9D)
Top of the 5th over - 0 runs, 1 hit, 0 errors, 2 left on base; Arizona State 2 - Michigan 0
BOTTOM OF THE 5TH
Michigan Wolverines batting - Pitching for Arizona State Sun Devils : LHP Howard Sigurdson
Batting: SHB Carl Murphy 0-0: Foul Ball, location: 2F
0-1: SINGLE (Flyball, 9S)
Batting: RHB David Morgan 0-0: Called Strike
0-1: Ball
1-1: Ball
2-1: Foul Ball, location: 2F
2-2: Strikes out swinging
Batting: RHB Miguel Vega 0-0: Foul Ball, location: 2F
0-1: Foul Ball, location: 2F
0-2: Ball
1-2: Foul Ball, location: 2F
1-2: Strikes out swinging
Batting: RHB Bob Casey 0-0: Ball
1-0: Called Strike
1-1: Fly out, F5 (Line Drive, 56)
Bottom of the 5th over - 0 runs, 1 hit, 0 errors, 1 left on base; Arizona State 2 - Michigan 0
TOP OF THE 6TH
Arizona State Sun Devils batting - Pitching for Michigan Wolverines : LHP Bob Taylor
Batting: SHB Leonardo González 0-0: Called Strike
0-1: Ball
1-1: Ball
2-1: Ball
3-1: Foul Ball, location: 2F
3-2: Foul Ball, location: 2F
3-2: Base on Balls
Batting: RHB Tim Oliver 0-0: Grounds into double play, 6-4-3 (Groundball, 6)
Batting: LHB Juan Guzmán 0-0: Foul Ball, location: 2F
0-1: Ball
1-1: Ball
2-1: Ball
3-1: Foul Ball, location: 2F
3-2: Foul Ball, location: 2F
3-2: Base on Balls
Pitching: RHP Wynn Beck
Batting: SHB Doyle Goodwin 0-0: Ball
Juan Guzmán is caught stealing 2nd base
Top of the 6th over - 0 runs, 0 hits, 0 errors, 0 left on base; Arizona State 2 - Michigan 0
BOTTOM OF THE 6TH
Michigan Wolverines batting - Pitching for Arizona State Sun Devils : LHP Howard Sigurdson
Batting: LHB Myron Reynolds 0-0: Called Strike
0-1: Swinging Strike
0-2: Ball
1-2: Ball
2-2: Foul Ball, location: 2F
2-2: Strikes out looking
Pitching: RHP John Osborne
Batting: LHB Dustin Jones 0-0: Ball
1-0: Called Strike
1-1: Foul Ball, location: 2F
1-2: Ball
2-2: Ball
3-2: Ground out 1-3 (Groundball, P)
Batting: RHB Bob Caldwell 0-0: Ball
1-0: Called Strike
1-1: Ball
2-1: SINGLE (Groundball, 34S) (infield hit)
Batting: LHB Mark Wilson 0-0: Foul Ball, location: 2F
0-1: Called Strike
0-2: Ball
1-2: Ball
2-2: Strikes out looking
Bottom of the 6th over - 0 runs, 1 hit, 0 errors, 1 left on base; Arizona State 2 - Michigan 0
TOP OF THE 7TH
Arizona State Sun Devils batting - Pitching for Michigan Wolverines : RHP Wynn Beck
Batting: SHB Doyle Goodwin 0-0: Ball
1-0: Called Strike
1-1: SINGLE (Groundball, 4D)
Batting: LHB José Serrano 0-0: Called Strike
0-1: Called Strike
0-2: Ball
1-2: Fielders Choice at 2nd, 3-6 (Groundball, 3)
Batting: LHB Werner Fisher 0-0: Called Strike
0-1: Foul Ball, location: 2F
0-2: Ball
1-2: Foul Ball, location: 2F
1-2: Foul Ball, location: 2F
1-2: Ball
2-2: Ball
3-2: Base on Balls
José Serrano to second
Pinch Hitting: RHB Cristo Avalos 0-0: Ball
1-0: Fly out, F6 (Line Drive, 6)
Batting: RHB Arturo Ruíz 0-0: Ball
1-0: Foul Ball, location: 2F
1-1: Foul Ball, location: 2F
1-2: Fly out, F5 (Popup, 5SF)
Top of the 7th over - 0 runs, 1 hit, 0 errors, 2 left on base; Arizona State 2 - Michigan 0
BOTTOM OF THE 7TH
Michigan Wolverines batting - Pitching for Arizona State Sun Devils : RHP John Osborne
Now in LF: Stan Murray
Batting: LHB Ken Miller 0-0: Ball
1-0: Swinging Strike
1-1: Ball
2-1: Ball
3-1: Foul Ball, location: 2F
3-2: Foul Ball, location: 2F
3-2: Base on Balls
Batting: SHB Carl Murphy 0-0: Sac Bunt - play at first, batter OUT! 1-3
Ken Miller to second
Batting: RHB David Morgan 0-0: Called Strike
0-1: Ground out 4-3 (Groundball, 4)
Ken Miller to third
Batting: RHB Miguel Vega 0-0: Ball
1-0: Ground out 4-3 (Groundball, 34)
Bottom of the 7th over - 0 runs, 0 hits, 0 errors, 1 left on base; Arizona State 2 - Michigan 0
TOP OF THE 8TH
Arizona State Sun Devils batting - Pitching for Michigan Wolverines : RHP Wynn Beck
Batting: RHB Gil Gardner 0-0: Ball
1-0: Called Strike
1-1: Called Strike
1-2: SINGLE (Line Drive, 9LS)
Batting: SHB Leonardo González 0-0: Ball
1-0: Foul Ball, location: 2F
1-1: Ball
2-1: Ball
3-1: Called Strike
3-2: SINGLE (Groundball, 34)
Gil Gardner to second
Runner from 2nd tries for 3rd, SAFE, throw made to third
Pitching: LHP Jonathan Bogan
Batting: RHB Tim Oliver 0-0: Ball
1-0: Called Strike
1-1: Swinging Strike
1-2: Ground out 4-3 (Groundball, 4S)
Leonardo González to second
Batting: LHB Juan Guzmán 0-0: Ball
1-0: Called Strike
1-1: Ball
2-1: Called Strike
2-2: Ball
3-2: Strikes out swinging
Batting: SHB Doyle Goodwin 0-0: Reached on error, E9 (Flyball, 89D)
Gil Gardner scores
Leonardo González scores
Batting: LHB José Serrano 0-0: Ball
1-0: Called Strike
1-1: Ground out U3 (Groundball, 3)
Top of the 8th over - 2 runs, 2 hits, 1 error, 1 left on base; Arizona State 4 - Michigan 0
BOTTOM OF THE 8TH
Michigan Wolverines batting - Pitching for Arizona State Sun Devils : RHP John Osborne
Batting: RHB Bob Casey 0-0: Ball
1-0: Fly out, F9 (Flyball, 9LSF)
Batting: LHB Myron Reynolds 0-0: Called Strike
0-1: Called Strike
0-2: Strikes out looking
Batting: LHB Dustin Jones 0-0: Fly out, F8 (Flyball, 8LD)
Bottom of the 8th over - 0 runs, 0 hits, 0 errors, 0 left on base; Arizona State 4 - Michigan 0
TOP OF THE 9TH
Arizona State Sun Devils batting - Pitching for Michigan Wolverines : LHP Jonathan Bogan
Batting: LHB Werner Fisher 0-0: Foul Ball, location: 2F
0-1: Foul Ball, location: 2F
0-2: Ball
1-2: Ball
2-2: Ball
3-2: SINGLE (Groundball, 4MD)
Batting: RHB Stan Murray 0-0: Foul Ball, location: 2F
0-1: Ball
Wild Pitch!
Werner Fisher to second
1-1: Ball
2-1: Ground out 5-3 (Groundball, 56S)
Werner Fisher to third
Batting: RHB Arturo Ruíz 0-0: Ball
1-0: Foul Ball, location: 2F
1-1: Foul Ball, location: 2F
1-2: Ball
2-2: SINGLE (Line Drive, 34D)
Werner Fisher scores
Batting: RHB Gil Gardner 0-0: Ball
1-0: Called Strike
1-1: Called Strike
1-2: Ball
2-2: Foul Ball, location: 2F
2-2: Fly out, F8 (Flyball, 8LM)
Batting: SHB Leonardo González 0-0: Ball
1-0: Swinging Strike
1-1: Ball
2-1: Ball
3-1: Swinging Strike
3-2: Base on Balls
Arturo Ruíz to second
Batting: RHB Tim Oliver 0-0: Called Strike
0-1: Foul Ball, location: 2F
0-2: Strikes out looking
Top of the 9th over - 1 run, 2 hits, 0 errors, 2 left on base; Arizona State 5 - Michigan 0
BOTTOM OF THE 9TH
Michigan Wolverines batting - Pitching for Arizona State Sun Devils : RHP John Osborne
Batting: RHB Bob Caldwell 0-0: Called Strike
0-1: Foul Ball, location: 2F
0-2: Ball
1-2: Ball
2-2: Ball
3-2: SINGLE (Line Drive, 7LS)
Batting: LHB Mark Wilson 0-0: Ball
1-0: Ball
2-0: Foul Ball, location: 2F
2-1: Swinging Strike
2-2: Ball
3-2: Foul Ball, location: 2F
3-2: Base on Balls
Bob Caldwell to second
Pitching: RHP Erik Stone
Batting: LHB Ken Miller 0-0: Fly out, F9 (Line Drive, 9)
Batting: SHB Carl Murphy 0-0: Ball
1-0: Called Strike
1-1: Swinging Strike
1-2: Strikes out swinging
Batting: RHB David Morgan 0-0: Called Strike
0-1: Ball
1-1: Called Strike
1-2: Strikes out swinging
Bottom of the 9th over - 0 runs, 1 hit, 0 errors, 2 left on base; Arizona State 5 - Michigan 0
Saturday, December 16th, 2017 - OOTP Baseball 18.8 Build 76